 Dungeon Crawl Stone Soup version 0.31-a0-182-gc5ef74bbde (webtiles) character file.

Game seed: 10475894057165158210

170 qw the Chopper (level 5, -6/32 HPs)
             Began as a Gargoyle Fighter on June 20, 2023.
             Was an Initiate of Okawaru.
             Splashed by a jelly's acid (10 damage)
             ... on level 4 of the Dungeon.
             The game lasted 00:01:36 (3117 turns).

qw the Chopper (Gargoyle Fighter)                   Turns: 3117, Time: 00:01:37

Health: -6/32      AC:  2    Str: 22    XL:     5   Next: 50%
Magic:  5/5        EV:  9    Int:  8    God:    Okawaru [......]
Gold:   30         SH:  4    Dex:  9    Spells: 4/4 levels left

rFire   . . .        Y - +0 war axe
rCold   + . .        c - +0 buckler
rNeg    + . .        b - +0 scale mail
rPois   inf          (no helmet)
rElec   +            (no cloak)
rCorr   .            (no gloves)
SInv    .            (no boots)
Will    .....        (no amulet) Stlth
                     l - ring of protection from cold
HPRegen 0.25/turn    (no ring)
MPRegen 0.09/turn

%: no passive effects
@: about to teleport, corroded
A: sickness immunity, AC +4, negative energy resistance 1, electricity
resistance, torment resistance 1, petrification resistance
a: Renounce Religion


You were on level 4 of the Dungeon.
You worshipped Okawaru.
Okawaru was noncommittal.
You visited 2 branches of the dungeon, and saw 5 of its levels.

You collected 93 gold pieces.
You spent 63 gold pieces at shops.


Innate Abilities, Weirdness & Mutations

You are immune to sickness and miasma.
Your stone body is resilient. (AC +4)
You are immune to poison.
You resist negative energy. (rN+)
You are resistant to electric shocks. (rElec)
You are resistant to unholy torment.
You are immune to petrification.


   Skills:
 - Level 3.2 Fighting
 + Level 4.8 Axes
 - Level 1.0 Throwing
 - Level 3.2 Armour
 - Level 3.2 Shields


You had 4 spell levels left.
You didn't know any spells.
Your spell library was empty.

Inventory:

Hand Weapons
 o - a +0 flail
 Y - a +0 war axe (weapon)
Armour
 b - a +0 scale mail (worn)
 c - a +0 buckler (worn)
Jewellery
 l - a ring of protection from cold (left hand)
Scrolls
 i - 2 scrolls of teleportation
 j - a scroll of identify
Potions
 a - a potion of haste {unknown}
 d - a potion of might
 e - a potion of curing
 f - a potion of lignification {unknown}
 g - a potion of magic
 h - a potion of degeneration {unknown}
 k - a potion of brilliance {unknown}
 m - a potion of heal wounds {unknown}
 n - a potion of enlightenment {unknown}

Dungeon Overview and Level Annotations

Branches:
Dungeon (4/15)             Temple (1/1) D:4

Altars:
Ashenzari
Cheibriados
Dithmenos
Elyvilon
Fedhas
Gozag
Hepliaklqana
Kikubaaqudgha
Makhleb
Okawaru
Ru
Sif Muna
Vehumet
Wu Jian
Xom
Yredelemnul
Zin
The Shining One

Shops:
D:4 [([(

Annotations:
D:3 exclusion: 3 dart slugs


Message History

Enter note:
3103 ||| FLEEEEING.
3104 ||| FLEEEEING.
3105 ||| FLEEEEING.
You hit the orc.
The orc is severely wounded.
The orc hits you with a +0 club. The orc barely misses you.
You hit the orc.
You kill the orc!
Okawaru accepts your kill.
3109 ||| FLEEEEING.
Enter note:
Enter note: You slash the jelly!
The acid corrodes you!
Your hands burn!
The jelly is moderately wounded.
The jelly hits you but does no damage.
You hit the jelly but do no damage.
Your hands burn!
The jelly is moderately wounded.
The jelly hits you but does no damage. The jelly barely misses you.
The orc barely misses you.
You hit the jelly. The acid corrodes you!
Your hands burn!
The jelly is heavily wounded.
You hit the orc. The orc hits you with a +0 dagger. The jelly hits you.
You are splashed with acid!
You hit the jelly.
Your hands burn!
The jelly is almost dead.
You hit the orc.
You kill the orc!
Okawaru accepts your kill. You block the jelly's attack.
You hit the jelly but do no damage.
Your hands burn!
The jelly is almost dead.
You block the jelly's attack.
3117 ||| READING 3 scrolls of teleportation.
As you read the scroll of teleportation, it crumbles to dust.
You feel strangely unstable.
The jelly jiggles.
The jelly hits you.
You are splashed with acid!
You die...

######## #......#
#########......#
##.......'......+
##..#######......#
########..## #......#
#........#########......#
#>......%.......@J)..####
#......#########.).<..#
#......# #....#.###
#......# #....#...##
#......# #....###..###
### #......####### ######
##J..## #..
#............# ###..###..
#.####.#####.# #######
##.....( #+####.# #.#
###.....# ####...


You could see a jelly.

Vanquished Creatures
  A howler monkey (D:4)
  An orc priest (D:4)
  2 adders (D:3)
  A worm (D:3)
  10 dart slugs
  2 orcs (D:4)
  13 bats
  2 endoplasms
  2 giant cockroaches
  5 hobgoblins
  2 quokkas (D:1)
  5 ball pythons
  A frilled lizard (D:2)
  9 goblins
  3 kobolds
  6 rats
65 creatures vanquished.

Notes
Turn   | Place    | Note
-------+----------+-------------------------------------------
     0 | D:1      | qw the Gargoyle Fighter began the quest for the Orb.
     0 | D:1      | Reached XP level 1. HP: 14/14 MP: 1/1
     0 | D:1      | 0 ||| qw: Version: 0.3-a-9-g12657ce
     0 | D:1      | 0 ||| qw: Game counter: 1491
     0 | D:1      | 0 ||| qw: Always use a shield: true
     0 | D:1      | 0 ||| qw: God list: Okawaru
     0 | D:1      | 0 ||| qw: Allow faded altars: false
     0 | D:1      | 0 ||| qw: Do Orc after D:15 true
     0 | D:1      | 0 ||| qw: Do second Lair branch before Depths: true
     0 | D:1      | 0 ||| qw: Lair rune preference: random
     0 | D:1      | 0 ||| qw: Plans: Normal, Zot:1-4, Slime:5, God:TSO, Crypt,
                  | Tomb, Abyss, Pan, Hells, Win
     0 | D:1      | 0 ||| PLANNING D:1-11
    33 | D:1      | Reached skill level 2 in Axes
    61 | D:1      | HP: 1/14 [frozen (4)]
   288 | D:1      | 288 ||| Stepping ~*~*~tactically~*~*~ (hiding).
   296 | D:1      | Reached XP level 2. HP: 19/19 MP: 2/2
   641 | D:1      | 641 ||| DROPPING +0 club.
   855 | D:1      | 855 ||| DROPPING scarf of harm.
   856 | D:1      | 856 ||| READING scroll labelled QAORUO JEROGG.
   857 | D:1      | 857 ||| READING scroll labelled YSE TESIJIOSE.
   900 | D:2      | Reached skill level 3 in Axes
   982 | D:2      | 982 ||| Stepping ~*~*~tactically~*~*~ (stealth).
   985 | D:2      | Reached XP level 3. HP: 23/23 MP: 3/3
   985 | D:2      | 985 ||| Stepping ~*~*~tactically~*~*~ (stealth).
  1050 | D:2      | 1050 ||| Stepping ~*~*~tactically~*~*~ (stealth).
  1052 | D:2      | 1052 ||| Stepping ~*~*~tactically~*~*~ (stealth).
  1164 | D:2      | 1164 ||| Stepping ~*~*~tactically~*~*~ (stealth).
  1172 | D:2      | 1172 ||| Stepping ~*~*~tactically~*~*~ (stealth).
  1394 | D:2      | 1394 ||| UPGRADING to ring of protection from cold.
  1395 | D:2      | 1395 ||| READING scroll labelled NEUBEOQYIN.
  1396 | D:2      | 1396 ||| READING scroll labelled PEMETZE CONKI.
  1397 | D:2      | 1397 ||| DRINKING 2 fuming ruby potions.
  1398 | D:2      | 1398 ||| DRINKING 2 inky potions.
  1484 | D:3      | 1484 ||| Stepping ~*~*~tactically~*~*~ (hiding).
  1685 | D:3      | 1685 ||| Stepping ~*~*~tactically~*~*~ (hiding).
  1694 | D:3      | Reached skill level 1 in Throwing
  1707 | D:3      | 1707 ||| FLEEEEING.
  1734 | D:3      | 1734 ||| READING scroll labelled LEPSEI JATE.
  1739 | D:3      | 1739 ||| Stepping ~*~*~tactically~*~*~ (hiding).
  1756 | D:3      | 1756 ||| Stepping ~*~*~tactically~*~*~ (hiding).
  1778 | D:3      | 1778 ||| Stepping ~*~*~tactically~*~*~ (water).
  1780 | D:3      | Reached XP level 4. HP: 28/28 MP: 4/4
  2096 | D:3      | 2096 ||| Stepping ~*~*~tactically~*~*~ (stealth).
  2124 | D:3      | 2124 ||| Stepping ~*~*~tactically~*~*~ (hiding).
  2131 | D:3      | Reached skill level 4 in Axes
  2505 | D:4      | Found Cuod's Antique Armour Shoppe.
  2508 | D:4      | Found Ladisk's Armour Shoppe.
  2508 | D:4      | Found Tatenet's Antique Weapon Shoppe.
  2520 | D:4      | 2520 ||| SHOPLISTING chain mail (121 gold, have 93).
  2521 | D:4      | Found Gatar's Weapon Shoppe.
  2523 | D:4      | 2523 ||| BUYING flail (63 gold).
  2523 | D:4      | Bought a flail for 63 gold pieces
  2523 | D:4      | 2523 ||| DROPPING +0 mace.
  2530 | D:4      | 2530 ||| SHOPLISTING +0 chain mail (58 gold, have 30).
  2530 | D:4      | 2530 ||| SHOPLISTING +0 pair of gloves (58 gold, have 30).
  2530 | D:4      | 2530 ||| SHOPLISTING +0 plate armour (299 gold, have 30).
  2530 | D:4      | 2530 ||| SHOPLISTING +5 chain mail "Hanloman" {rElec rPois
                  | Will- Regen+} (565 gold, have 30).
  2581 | D:4      | 2581 ||| Stepping ~*~*~tactically~*~*~ (stealth).
  2635 | D:4      | Reached XP level 5. HP: 32/32 MP: 5/5
  2646 | D:4      | 2646 ||| Stepping ~*~*~tactically~*~*~ (hiding).
  2793 | D:4      | Found a staircase to the Ecumenical Temple.
  2794 | D:4      | 2794 ||| PLANNING TEMPLE
  2801 | Temple   | Entered the Ecumenical Temple
  2931 | Temple   | 2931 ||| PLANNING OKAWARU WORSHIP
  3022 | Temple   | Became a worshipper of Warmaster Okawaru
  3023 | Temple   | 3023 ||| PLANNING D:1-11
  3072 | D:4      | 3072 ||| FLEEEEING.
  3073 | D:4      | 3073 ||| FLEEEEING.
  3074 | D:4      | 3074 ||| FLEEEEING.
  3075 | D:4      | 3075 ||| FLEEEEING.
  3076 | D:4      | 3076 ||| FLEEEEING.
  3077 | D:4      | 3077 ||| FLEEEEING.
  3078 | D:4      | 3078 ||| FLEEEEING.
  3079 | D:4      | 3079 ||| FLEEEEING.
  3080 | D:4      | 3080 ||| FLEEEEING.
  3081 | D:4      | 3081 ||| FLEEEEING.
  3082 | D:4      | 3082 ||| FLEEEEING.
  3083 | D:4      | 3083 ||| FLEEEEING.
  3084 | D:4      | 3084 ||| FLEEEEING.
  3085 | D:4      | 3085 ||| FLEEEEING.
  3086 | D:4      | 3086 ||| FLEEEEING.
  3088 | D:4      | 3088 ||| FLEEEEING.
  3089 | D:4      | 3089 ||| FLEEEEING.
  3090 | D:4      | 3090 ||| FLEEEEING.
  3091 | D:4      | 3091 ||| FLEEEEING.
  3092 | D:4      | 3092 ||| FLEEEEING.
  3093 | D:4      | 3093 ||| FLEEEEING.
  3094 | D:4      | 3094 ||| FLEEEEING.
  3095 | D:4      | 3095 ||| FLEEEEING.
  3096 | D:4      | 3096 ||| FLEEEEING.
  3097 | D:4      | 3097 ||| FLEEEEING.
  3098 | D:4      | 3098 ||| FLEEEEING.
  3099 | D:4      | 3099 ||| FLEEEEING.
  3100 | D:4      | 3100 ||| FLEEEEING.
  3101 | D:4      | 3101 ||| FLEEEEING.
  3102 | D:4      | 3102 ||| FLEEEEING.
  3103 | D:4      | 3103 ||| FLEEEEING.
  3104 | D:4      | 3104 ||| FLEEEEING.
  3105 | D:4      | 3105 ||| FLEEEEING.
  3109 | D:4      | 3109 ||| FLEEEEING.
  3116 | D:4      | HP: 5/32 [acid (5)]
  3117 | D:4      | 3117 ||| READING 3 scrolls of teleportation.
  3117 | D:4      | Splashed by a jelly's acid

Levels and vault maps discovered:
D:1:      zelgadis_glass_arrival_small, layout_loops_ring
D:2:      layout_rooms, hangedman_decor_clover_reticule
D:3:      kennysheep_slugbush, layout_loops_ring, serial_park_tiny_1
D:4:      layout_basic, minmay_temple_entry_trees, st_stairs_7,
          minmay_shop_grid_forest
Temple:   mainiacjoe_temple_bowtie_tessellation

Skill      XL: |  1  2  3  4 |
---------------+-------------+-----
Axes           | 2 3 4 |  4.8
Throwing       | 1 |  1.0
Fighting       | |  3.2
Armour         | |  3.2
Shields        | |  3.2

Action                     |  1- 3 |  4- 6 || total
---------------------------+-------+-------++-------
  Melee: War axe           |   128 |    68 ||   196
  Throw: Javelin           |    21 |       ||    21
    Use: Scroll            |     5 |     1 ||     6
         Potion            |     2 |       ||     2
 Armour: Scale mail        |    86 |    34 ||   120
  Dodge: Dodged            |    84 |    26 ||   110
  Block: Buckler           |    30 |    13 ||    43

Table legend:
 A = Non-vault XP
 B = Vault XP
 C = Vault XP percentage of total XP
 D = Non-vault monster count
 E = Vault monster count
 F = Vault count percentage of total count
                 A         B        C        D         E       F
            +---------+---------+-------+---------+---------+-------
      Total |     211 |      32 |  13.2 |      57 |       8 |  12.3
            +---------+---------+-------+---------+---------+-------
        D:1 |      26 |       0 |   0.0 |      16 |       0 |   0.0
        D:2 |      26 |       0 |   0.0 |      17 |       0 |   0.0
        D:3 |      49 |      32 |  39.5 |      15 |       8 |  34.8
        D:4 |     110 |       0 |   0.0 |       9 |       0 |   0.0
            +---------+---------+-------+---------+---------+-------
